 Dungeon Crawl Stone Soup version 0.29.1-2-gbd0b4ee654 (webtiles) character file.

Game seed: 15301163310537964806

44093 croobank the Spry (level 13, -3/70 HPs)
             Began as a Felid Summoner on Nov 3, 2022.
             Was an Initiate of Gozag.
             Slain by a boulder beetle (52 damage)
             ... on level 4 of the Spider Nest.
             The game lasted 03:03:58 (51673 turns).

croobank the Spry (Felid Summoner)                 Turns: 51673, Time: 03:03:59

Health: -3/70      AC:  5    Str:  3 (4)  XL:     13   Next: 94%
Magic:  1/28       EV: 33    Int: 21      God:    Gozag
Gold:   3687       SH:  7    Dex: 17      Spells: 0/33 levels left
                                        Lives:  0   Deaths: 3

rFire   + . .      SeeInvis +   (weapon unavailable)
rCold   + . .      Faith    .   (shield unavailable)
rNeg    . . .      Spirit   .   (body armour unavailable)
rPois   .          Reflect  +   (helmet unavailable)
rElec   .          Harm     .   (cloak unavailable)
rCorr   +          Rampage  .   (gloves unavailable)
Will    +....                   (boots unavailable)
Stlth   +++.......              l - amulet of reflection
HPRegen 0.21/turn               g - ring of the Octopus King {rCorr HP+2 AC+2 EV+2 SH+2}
MPRegen 0.21/turn               e - ring of protection from fire

@: gold aura, studying Ice Magic, quick
A: very small, claws 1, fangs 3, see invisible, speed 1, shaggy fur 3, stealthy
paws, no weapons or thrown items, no armour, multi-lived
a: Renounce Religion, Potion Petition, Call Merchant, Bribe Branch


You were on level 4 of the Spider Nest.
You worshipped Gozag.
Gozag was most pleased with you.
You visited 5 branches of the dungeon, and saw 26 of its levels.
You also visited: Sewer.

You collected 7559 gold pieces.
You spent 1606 gold pieces at shops.
You paid 2266 gold pieces to Gozag.

Inventory:

Jewellery
 e - a ring of protection from fire (right paw)
 g - a ring of the Octopus King (left paw) {rCorr HP+2 AC+2 EV+2 SH+2}
   (You found it on level 5 of the Lair of Beasts)

   [ring of resist corrosion]

   AC:        It affects your AC (+2).
   EV:        It affects your evasion (+2).
   HP:        It affects your health (+2).
   rCorr:     It protects you from acid and corrosion.
   SH:        It affects your SH (+2).
 h - a ring of wizardry
 i - a +6 ring of intelligence
 l - an amulet of reflection (around neck)
 s - a +6 ring of strength
 w - an amulet of the acrobat
 y - a ring of fire
 B - the ring of Xirosaz {rPois rF- Will++ Str+6}
   (You found it on level 11 of the Dungeon)

   [ring of strength]

   Str:       It affects your strength (+6).
   rF:        It makes you vulnerable to fire.
   rPois:     It protects you from poison.
   Will:      It greatly increases your willpower.
 H - a ring of fire
Wands
 k - a wand of polymorph (9)
 n - a wand of charming (31)
 t - a wand of acid (5)
 C - a wand of mindburst (3)
 F - a wand of flame (15)
Scrolls
 b - 3 scrolls of poison
 c - 3 scrolls of amnesia
 d - 11 scrolls of teleportation
 u - 2 scrolls of identify
 x - 4 scrolls of immolation
 E - 2 scrolls of vulnerability
 J - 2 scrolls of magic mapping
Potions
 a - 2 potions of magic
 f - 8 potions of attraction
 j - 6 potions of flight
 m - 5 potions of curing
 o - 3 potions of cancellation
 q - 4 potions of might
 r - 4 potions of haste
 v - a potion of ambrosia
 z - 3 potions of lignification
 A - 5 potions of brilliance
 D - 2 potions of resistance
 I - a potion of heal wounds
Miscellaneous
 p - a tin of tremorstones (1/2)


   Skills:
 * Level 14.4 Fighting
 * Level 18.7 Dodging
 - Level 4.4 Stealth
 + Level 10.5 Spellcasting
 - Level 10.0 Hexes
 + Level 11.9 Summonings
 + Level 3.4 Transmutations
 - Level 5.1 Ice Magic
 + Level 2.7 Air Magic
 - Level 8.0 Poison Magic


You couldn't memorise any spells.
You knew the following spells:

 Your Spells              Type           Power      Damage    Failure   Level
a - Summon Small Mammal   Summ           100%       N/A       1%          1
b - Call Imp              Summ           57%        N/A       1%          2
c - Call Canine Familiar  Summ           57%        N/A       1%          3
d - Summon Guardian Gole  Hex/Summ       54%        N/A       1%          3
e - Summon Lightning Spi  Summ/Air       41%        N/A       3%          4
f - Poisonous Vapours     Pois/Air       66%        N/A       1%          2
g - Olgreb's Toxic Radia  Pois           44%        N/A       2%          4
h - Dazzling Flash        Conj/Hex       64%        N/A       2%          3
i - Summon Cactus Giant   Summ           28%        N/A       7%          6
j - Silence               Hex/Air        18%        N/A       12%         5

Your spell library contained the following spells:

 Spells                   Type           Power      Damage    Failure   Level
 Sting                    Tmut/Pois      100%       1d8       1%          1
 Static Discharge         Conj/Air       16%        3-5/arc   5%          2
 Fulminant Prism          Conj/Hex       16%        3d11      8%          4
 Dispel Undead            Necr           11%        3d9       52%         4
 Sticky Flame             Conj/Fire      11%        2d3       52%         4
 Agony                    Necr           11%        N/A       86%         5
 Summon Horrible Things   Summ           28%        N/A       97%         8
 Haunt                    Necr/Summ      18%        N/A       99%         7
 Malign Gateway           Summ/Tloc      18%        N/A       99%         7
 Spellforged Servitor     Conj/Summ      18%        N/A       99%         7
 Orb of Destruction       Conj           5%         9d5       100%        7
 Storm Form               Tmut/Air       12%        N/A       100%        7
 Infestation              Necr           5%         N/A       100%        8
 Maxwell's Capacitive Co  Air            11%        ∞         100%        8
 Animate Dead             Necr           Unusable   N/A       N/A         4

Dungeon Overview and Level Annotations

Branches:
Dungeon (14/15)            Temple (1/1) D:6            Lair (5/5) D:9
  Swamp (0/4) Lair:3       Spider (4/4) Lair:2        Slime (0/5) Lair:5
    Orc (2/2) D:12            Elf (0/3) Orc:2         Sewer (visited)
 Vaults: D:13-14

Altars:
Ashenzari
Cheibriados
Dithmenos
Elyvilon
Gozag
Hepliaklqana
Kikubaaqudgha
Nemelex Xobeh
Okawaru
Ru
Sif Muna
Trog
Vehumet
Xom

Shops:
D:3 [   D:7 *   Orc:2 :*[(=

Annotations:
Lair:1 2 transporters, Fractals's ghost, journeyman KoEn


Innate Abilities, Weirdness & Mutations

You have sharp claws.
You have razor-sharp teeth.
You have supernaturally acute eyesight. (SInv)
You cover ground quickly. (Speed+)
Your thick and shaggy fur keeps you warm. (AC +3, rC+)
Your paws help you pounce on unaware monsters.
You are incapable of wielding weapons or throwing items.
You cannot wear armour.
You gain extra lives every three experience levels.


Message History

Aiming: Mindburst
Press: ? - help, Shift-Dir - straight line, f/p - ghost moth
Aim: a ghost moth (wandering, slightly transparent, blind, hasn't noticed you, chance to affect: 6%)
The ghost moth resists with almost no effort.
Your wolf closely misses the steelbarb worm.
You block the steelbarb worm's attack.
Your wolf barely misses the steelbarb worm.
You are caught in the web!
There is a web here.
You see here 7 gold pieces.
You disentangle yourself.
The ghost moth is no longer blind.
Your wolf bites the steelbarb worm but does no damage.
You block the steelbarb worm's attack.
A boulder beetle comes into view.
The ghost moth stares at you.
You feel your power leaking away.
Your wolf closely misses the steelbarb worm.
You barely miss the ghost moth.
Your wolf bites the steelbarb worm but does no damage.
The steelbarb worm completely misses you.
The boulder beetle curls into a ball and begins rolling!
The ghost moth stares at you.
You feel your power leaking away. The ghost moth misses you.
You block the ghost moth's attack. The ghost moth stings you!
You feel weakened.
Your wolf bites the steelbarb worm but does no damage.
The steelbarb worm misses your wolf.
Casting: Call Canine Familiar (safe; 1% risk of failure)
Confirm with . or Enter, or press ? or * to list all spells.
You don't have enough magic to cast this spell.
Okay, then.
You feel a bit more experienced.
Your wolf bites the steelbarb worm but does no damage.
Being near the torpor snail leaves you feeling lethargic.
You feel yourself speed up. The boulder beetle hits you!!!
Ouch! That really hurt!
You die...
Your body crumbles into a pile of gold.

#### ..... ^# ....
#... ... ....##..#
#.....#.#...##
^#.#.#^h#...#
#.#$^ #..#)#
##..#$###w.#.#
#...##...#y^# $
##°°°B@.C##
###.$.###.^#
#..$###...##
#.$#$..w..# #
###$C..#..# #.
#....#.#.^#
..s#..##8#....#.##
#^..s..s.#..#.
##^#.#..#.###


You could see a boulder beetle (rolling), a ghost moth (invisible), a steelbarb
worm and a friendly cactus giant (summoned, slow).

Vanquished Creatures
  A dire elephant (Lair:5)
  A radroach (Spider:3)
  A death yak (Lair:5)
  2 orb spiders
  An orc knight (Orc:2)
  A wolf spider (Spider:1)
  An orc sorcerer (Orc:2)
  3 tarantellas
  2 jumping spiders
  2 yaks (Lair:4)
  A hog (Lair:4)
  7 redbacks
  10 orc warriors
  A phantom (D:4)
  A bullfrog (Lair:4)
  Dowan (D:6)
  A killer bee (D:4)
  2 electric eels
  8 orc priests
  12 orc wizards
  An adder (D:2)
  A dart slug (D:4)
  28 orcs
  4 bats
  An endoplasm (D:3)
  2 giant cockroaches
  A goblin (D:3)
  3 hobgoblins
  2 quokkas (D:6)
  3 frilled lizards
  2 kobolds
  2 rats (D:6)
109 creatures vanquished.

Vanquished Creatures (collateral kills)
  Gastronok (Orc:1)
  An emperor scorpion (Spider:2)
  An orc warlord (Orc:2)
  A broodmother (Spider:1)
  An entropy weaver (Spider:4)
  Azrael (Spider:2)
  2 boulder beetles
  2 hydras
  3 catoblepae
  2 radroaches
  A jorogumo (Spider:2)
  2 two-headed ogres (D:10)
  3 death yaks
  A death scarab (Spider:3)
  3 orc high priests
  A pharaoh ant (Spider:3)
  A steelbarb worm (Spider:3)
  A bog body (Lair:3)
  An orb spider (Spider:3)
  3 orc knights (Orc:2)
  4 orc sorcerers (Orc:2)
  6 wolf spiders
  A manticore (D:11)
  2 moths of wrath
  11 elephants
  Maurice (D:9)
  5 black mambas
  A torpor snail (Lair:5)
  8 cane toads
  3 rime drakes
  3 unseen horrors
  Psyche (D:11)
  5 demonic crawlers
  7 komodo dragons
  2 trolls
  5 polar bears
  A hornet (shapeshifter) (Spider:3)
  3 meliai (Spider:4)
  11 tarantellas
  5 dream sheep (Lair:5)
  19 blink frogs
  Sigmund (D:6)
  7 culicivoras
  7 jumping spiders (Spider:1)
  A shadow (D:11)
  38 yaks
  A wraith (D:12)
  2 basilisks
  A hog (Lair:4)
  A hog (shapeshifter) (D:13)
  5 wyverns
  Eustachio (D:5)
  2 vampire mosquitoes (D:13)
  4 fire elementals (Spider:2)
  10 redbacks
  A steam dragon (D:6)
  3 acid dragons
  2 hell hounds (Spider:2)
  11 water moccasins
  2 ice beasts
  14 orc warriors
  A black bear (Lair:5)
  3 ogres (D:12)
  33 wolves
  4 centaurs
  A phantom (D:6)
  2 nameless horrors
  10 bullfrogs
  2 kobold brigands
  A scorpion (D:6)
  3 gnoll sergeants
  5 wights (D:10)
  8 killer bees
  7 howler monkeys
  3 jellies
  2 hounds
  14 orc priests
  Jessica (D:2)
  Terence (D:2)
  25 orc wizards
  4 iguanas
  8 hell rats
  12 gnolls
  6 adders
  6 river rats (D:6)
  An ufetubus (D:7)
  2 worms (D:2)
  3 dart slugs
  58 orcs
  6 endoplasms
  4 giant cockroaches
  5 goblins
  3 hobgoblins
  2 jackals (D:4)
  12 kobolds
  6 quokkas
  6 ball pythons
  10 bats
  A frilled lizard (D:3)
  14 rats
545 creatures vanquished.

Vanquished Creatures (others)
  Jorgrun (Orc:1)
  Kirke (Lair:4)
  An entropy weaver (Spider:3)
  Erolcha (D:9)
  A centaur warrior (D:13)
  3 hydras (D:12)
  A jorogumo (Spider:3)
  A two-headed ogre (D:12)
  A deep troll shaman (Lair:5)
  4 death yaks
  A wolf spider (Spider:3)
  An orc sorcerer (Orc:2)
  4 elephants (Lair:5)
  A rime drake (Lair:4)
  2 komodo dragons
  A meliai (Lair:2)
  5 trolls
  20 yaks
  2 humans (Lair:4)
  Grum (D:9)
  A basilisk (D:9)
  Menkaure (D:5)
  Duvessa (D:6)
  4 orc warriors
  2 black bears (D:5)
  An ice beast (D:4)
  A wolf (D:9)
  An ogre (D:12)
  A centaur (D:4)
  3 gnoll sergeants
  A bullfrog (Lair:4)
  A scorpion (D:5)
  5 wights (D:6)
  4 killer bees (D:9)
  An orc priest (D:4)
  A hound (D:6)
  2 hell rats (Lair:3)
  4 orc wizards
  5 gnolls
  A river rat (D:6)
  2 orcs
  3 rats (D:6)
  63 fungi
  148 plants
310 creatures vanquished.

Grand Total: 964 creatures vanquished

Notes
Turn   | Place    | Note
-------+----------+-------------------------------------------
     0 | D:1      | croobank the Felid Summoner began the quest for the Orb.
     0 | D:1      | Reached XP level 1. HP: 7/7 MP: 4/4
    49 | D:1      | Found a faded altar of an unknown god.
   231 | D:1      | Reached skill level 3 in Dodging
   277 | D:1      | Reached XP level 2. HP: 11/11 MP: 6/6
   280 | D:1      | Learned a level 2 spell: Call Imp
  1077 | D:2      | Noticed Terence
  1094 | D:2      | Killed Terence
  1095 | D:2      | Reached XP level 3. HP: 14/14 MP: 3/7
  1099 | D:2      | Learned a level 3 spell: Call Canine Familiar
  1207 | D:2      | Reached XP level 4. HP: 18/18 MP: 2/8
  1450 | D:2      | Noticed Jessica
  1458 | D:2      | Killed Jessica
  1459 | D:2      | Reached skill level 4 in Dodging
  2149 | D:3      | Reached XP level 5. HP: 21/21 MP: 4/10
  2205 | D:3      | Found a glowing drain.
  2214 | Sewer    | Entered a sewer
  2308 | Sewer    | Noticed Pargi
  2329 | Sewer    | Learned a level 3 spell: Summon Guardian Golem
  2582 | D:3      | Found an iron altar of Okawaru.
  3027 | D:3      | Reached skill level 1 in Fighting
  3027 | D:3      | Reached skill level 1 in Hexes
  3255 | D:3      | Found Toic Ecri's Armour Emporium.
  3729 | D:4      | Gained mutation: You are covered in thick fur. (AC +2)
                  | [Felid growth]
  3729 | D:4      | Reached XP level 6. HP: 26/26 MP: 5/11
  3805 | D:4      | Found a large runed translucent door.
  3806 | D:4      | Found a large runed translucent door.
  3819 | D:4      | Learned a level 2 spell: Poisonous Vapours
  3836 | D:4      | Reached skill level 5 in Summonings
  4126 | D:4      | Found a large runed translucent door.
  4126 | D:4      | Found a large runed translucent door.
  4502 | D:4      | Reached skill level 5 in Dodging
  4569 | D:4      | Found a sparkling altar of Nemelex Xobeh.
  4703 | D:4      | Found a shadowy altar of Dithmenos.
  4974 | D:4      | Noticed an ice beast
  5018 | D:4      | Killed an ice beast
  5019 | D:4      | Reached skill level 1 in Ice Magic
  5019 | D:4      | Reached XP level 7. HP: 30/30 MP: 8/13
  5505 | D:5      | Entered Level 5 of the Dungeon
  5625 | D:5      | Identified the +9 whip "Toanaez" {flame, rElec rCorr Str-5
                  | Int+9}
  5657 | D:5      | Found a bloodstained altar of Trog.
  5824 | D:5      | Reached skill level 6 in Dodging
  6142 | D:5      | Noticed Menkaure
  6149 | D:5      | Reached XP level 8. HP: 8/34 MP: 6/15
  6399 | D:5      | Killed Menkaure
  6856 | D:5      | Reached skill level 5 in Hexes
  7568 | D:6      | Reached skill level 7 in Dodging
  8361 | D:6      | Noticed Dowan
  8372 | D:6      | Noticed Duvessa
  8376 | D:6      | Learned a level 4 spell: Summon Lightning Spire
  8396 | D:6      | Killed Duvessa
  8397 | D:6      | Reached skill level 5 in Spellcasting
  8801 | D:6      | Killed Dowan
  9124 | D:6      | Found a staircase to the Ecumenical Temple.
  9132 | Temple   | Entered the Ecumenical Temple
  9164 | Temple   | Became a worshipper of Gozag Ym Sagoz the Greedy
  9584 | D:6      | Reached XP level 9. HP: 40/40 MP: 9/17
  9768 | D:6      | Noticed Eustachio
  9893 | D:5      | Killed Eustachio
  9894 | D:5      | Reached skill level 5 in Fighting
 10115 | D:6      | Noticed Sigmund
 10123 | D:6      | Killed Sigmund
 10356 | D:6      | Reached skill level 8 in Dodging
 11583 | D:7      | Found a shimmering blue altar of Sif Muna.
 11965 | D:7      | Found Jovais's Assorted Antiques.
 11981 | D:7      | Bought a scroll of teleportation for 66 gold pieces
 11981 | D:7      | Bought a fizzy sapphire potion for 19 gold pieces
 11981 | D:7      | Bought a fizzy sapphire potion for 19 gold pieces
 11981 | D:7      | Bought a scroll of teleportation for 66 gold pieces
 13260 | D:8      | Reached skill level 5 in Ice Magic
 13277 | D:8      | Reached skill level 9 in Dodging
 13532 | D:8      | Identified the +1 pair of boots of the Watermelon {+Inv
                  | rCorr}
 13908 | D:9      | Noticed Grum
 13922 | D:8      | Reached XP level 10. HP: 43/45 MP: 7/20
 14068 | D:9      | Found a staircase to the Lair.
 14645 | D:9      | Reached skill level 1 in Poison Magic
 15054 | D:9      | Noticed Maurice
 15076 | D:9      | Killed Maurice
 15249 | D:9      | Noticed Erolcha
 15269 | D:9      | Killed Erolcha
 15270 | D:9      | Reached skill level 10 in Dodging
 16141 | D:9      | Slain by Grum
 16142 | D:9      | Reached XP level 9. HP: -3/43 MP: 6/20
 16169 | D:10     | Entered Level 10 of the Dungeon
 16283 | D:9      | Killed Grum
 17622 | D:10     | Noticed a two-headed ogre
 17630 | D:10     | Killed a two-headed ogre
 17631 | D:10     | Reached XP level 10. HP: 47/47 MP: 14/22
 17836 | D:10     | Found a broken altar of Ashenzari.
 18390 | D:10     | Noticed a two-headed ogre
 18408 | D:10     | Killed a two-headed ogre
 19091 | D:10     | Found a radiant altar of Vehumet.
 19094 | D:10     | Found a snail-covered altar of Cheibriados.
 19096 | D:10     | Found a white marble altar of Elyvilon.
 19191 | D:11     | Noticed Psyche
 19316 | D:11     | Identified the ring of Xirosaz {rPois rF- Will++ Str+6}
 19737 | D:11     | Reached skill level 11 in Dodging
 19825 | D:11     | Noticed a manticore
 19841 | D:11     | Killed a manticore
 20571 | D:11     | Killed Psyche
 20821 | D:12     | Noticed a six-headed hydra
 20829 | D:11     | Learned a level 4 spell: Olgreb's Toxic Radiance
 20906 | Lair:1   | Entered Level 1 of the Lair of Beasts
 20914 | Lair:1   | Reached XP level 11. HP: 51/51 MP: 14/24
 20986 | Lair:1   | Noticed a catoblepas
 21527 | Lair:1   | Killed a catoblepas
 22004 | Lair:1   | Found a transporter.
 22012 | Lair:1   | Noticed Fractals's ghost (journeyman KoEn)
 22012 | Lair:1   | Found the ring of the Octopus King
 22029 | Lair:1   | Found a transporter.
 22051 | Lair:1   | Reached skill level 12 in Dodging
 22748 | Lair:2   | Reached skill level 10 in Summonings
 23240 | Lair:2   | Noticed a death yak
 23256 | Lair:2   | Noticed a death yak
 23271 | Lair:2   | Noticed a death yak
 23278 | Lair:2   | Killed a death yak
 23282 | Lair:2   | Killed a death yak
 23288 | Lair:2   | Killed a death yak
 23289 | Lair:2   | Gained mutation: Your thick and shaggy fur keeps you warm.
                  | (AC +3, rC+) [Felid growth]
 23289 | Lair:2   | Reached XP level 12. HP: 29/57 MP: 13/26
 23518 | Lair:2   | Reached skill level 13 in Dodging
 23599 | Lair:2   | Found a hole to the Spider Nest.
 23616 | Lair:2   | Identified the +2 buckler "Egrey" {Will+}
 24135 | Lair:2   | Noticed a five-headed hydra
 24156 | Lair:2   | Killed a five-headed hydra
 24157 | Lair:2   | Reached skill level 10 in Fighting
 24569 | Lair:2   | Reached skill level 5 in Poison Magic
 24681 | Lair:3   | Found a staircase to the Swamp.
 25250 | Lair:3   | Reached skill level 10 in Spellcasting
 25670 | Lair:3   | Reached skill level 14 in Dodging
 29253 | Lair:3   | Reached XP level 13. HP: 63/63 MP: 24/28
 29805 | Lair:4   | Noticed Kirke
 29809 | Lair:4   | Reached skill level 15 in Dodging
 29827 | Lair:4   | Killed Kirke
 29829 | Lair:4   | HP: 2/63 [cane toad (22)]
 30232 | Lair:5   | Entered Level 5 of the Lair of Beasts
 30280 | Lair:5   | Found a staircase to the Slime Pits.
 33117 | Lair:4   | Reached skill level 16 in Dodging
 33837 | Lair:5   | Reached XP level 14. HP: 69/69 MP: 7/29
 34299 | Lair:5   | Found the ring of the Octopus King
 34893 | Lair:5   | Identified a ring of the Octopus King {rCorr HP+2 AC+2 EV+2
                  | SH+2}
 37466 | D:12     | You fall into a shaft and drop 2 floors!
 38794 | D:12     | Found a staircase to the Orcish Mines.
 38985 | D:12     | Reached skill level 17 in Dodging
 39512 | Orc:1    | Entered Level 1 of the Orcish Mines
 39523 | Orc:1    | Noticed Jorgrun
 39544 | Orc:1    | Killed Jorgrun
 39550 | Orc:1    | Noticed Gastronok
 39729 | Orc:1    | HP: 3/72 [Gastronok/the air (29)]
 39738 | Orc:1    | Killed from afar by Gastronok
 39739 | Orc:1    | Reached XP level 13. HP: -13/68 MP: 3/28
 39791 | Orc:1    | Learned a level 3 spell: Dazzling Flash
 39850 | Orc:1    | Killed Gastronok
 40326 | Orc:2    | Entered Level 2 of the Orcish Mines
 40710 | Orc:2    | Found Fossua's Jewellery Shop.
 40722 | Orc:2    | Bought an amulet of reflection for 300 gold pieces
 40774 | Orc:2    | Found a staircase to the Elven Halls.
 42572 | Orc:2    | Noticed an orc warlord
 42593 | Orc:2    | Killed an orc warlord
 43798 | Orc:2    | Paralysed by an orc sorcerer for 2 turns
 43999 | Orc:2    | Reached XP level 14. HP: 36/70 MP: 12/29
 44297 | Orc:2    | Found Rystreu's Antique Armour Boutique.
 44297 | Orc:2    | Found Buazosa's Antique Weapon Boutique.
 44299 | Orc:2    | Found Plog's General Store.
 44299 | Orc:2    | Found Plog's Book Shop.
 44305 | Orc:2    | Bought Leffar's Handbook of Guile and Sidekicks for 384
                  | gold pieces
 44305 | Orc:2    | Bought a book of the Sky for 528 gold pieces
 44312 | Orc:2    | Learned a level 6 spell: Summon Cactus Giant
 44315 | Orc:2    | Bought 2 potions of invisibility for 224 gold pieces
 44631 | Spider:1 | Entered Level 1 of the Spider Nest
 45783 | Spider:1 | Reached skill level 1 in Transmutations
 46054 | Spider:1 | Reached skill level 1 in Air Magic
 46526 | Spider:1 | Noticed a broodmother
 46536 | Spider:1 | Killed a broodmother
 47198 | Spider:2 | Reached skill level 18 in Dodging
 47198 | Spider:2 | Reached skill level 10 in Hexes
 47733 | Spider:2 | Learned a level 5 spell: Silence
 48090 | Spider:2 | Noticed Azrael
 48133 | Spider:2 | Killed Azrael
 49041 | Spider:2 | Noticed an emperor scorpion
 49052 | Spider:2 | Killed an emperor scorpion
 51468 | Spider:4 | Entered Level 4 of the Spider Nest
 51495 | Spider:4 | Noticed a ghost moth
 51646 | Spider:4 | Mangled by an entropy weaver
 51647 | Spider:4 | Reached XP level 13. HP: -6/70 MP: 22/28
 51655 | Spider:4 | Killed an entropy weaver
 51673 | Spider:4 | Slain by a boulder beetle

Illustrated notes

Levels and vault maps discovered:
D:1:      spicycebolla_green_bress_n_ham_2, layout_basic,
          hellmonk_ecumenical_altar_pennies_from_heaven
D:2:      layout_loops_ring, uniq_terence, uniq_jessica
D:3:      layout_loops_ring, mainiacjoe_overflow_six_doors_small,
          portal_sewer_entry_b, serial_shops, shop, grunt_ministairs_4,
          minmay_misc_feat_diagonals
D:4:      layout_basic, mainiacjoe_overflow_tiny_flanked,
          nicolae_dithmenos_the_darkroom, minmay_hollow_rounded_squares
D:5:      layout_gridville, nicolae_overflow_crystal_walls, uniq_menkaure
D:6:      lemuel_ratsnest, layout_gridville,
          minmay_temple_entry_statues_fountains, uniq_duvessa, uniq_sigmund,
          uniq_eustachio
D:7:      layout_basic, mainiacjoe_overflow_paths, serial_shops, shop,
          ebering_dispersal_statue_hall, minivault_5
D:8:      layout_basic, minmay_misc_feat_tiny
D:9:      layout_roguey, lair_entry_dummy, serial_bayou_lagoon_a, uniq_erolcha,
          uniq_grum, uniq_maurice
D:10:     layout_grid_maze, mainiacjoe_overflow_catwalk,
          grunt_temple_overflow_diamond, kennysheep_generic_room_3
D:11:     layout_rooms, grunt_ministairs_7, uniq_psyche
D:12:     layout_gridville, kennysheep_orc_monster_closet_entryway,
          nicolae_concentric_dashed_squares_mild, minmay_holes
D:13:     layout_irregular_city, ximxim_vaults_locker_room
D:14:     minmay_triangles_in_corner, layout_basic, gauntlet_entry_generic,
          okawaru_metal_pillars_3, uniq_josephine, uniq_nessos
Temple:   oiseaux_autumnal_temple
Lair:1:   layout_long_grid, gammafunk_ghost_berserking_beasts,
          cheibrodos_lair_lostbears, infiniplex_staircase_pool
Lair:2:   layout_cave_pods, hellmonk_spider_entry_not_the_bees
Lair:3:   layout_small_grid, skrybe_swamp_entry_bodies
Lair:4:   layout_misc_corridors, kennysheep_catoblepas_arena,
          serial_bayou_shore_a, lemuel_fruit_tree, uniq_kirke
Lair:5:   grunt_lair_end_beastmaster, layout_concentric_octagons, slime_entry_1,
          nicolae_volcano_entry_lava_flow
Spider:1: layout_chambers
Spider:2: layout_spider_delve, uniq_azrael
Spider:3: layout_chambers, hellmonk_deceptive_appearances
Spider:4: grunt_spider_rune_circles, uniq_arachne
Orc:1:    layout_caves, uniq_gastronok, uniq_jorgrun
Orc:2:    st_orc_congregation, layout_diamond_mine, serial_shops, shop_fountains

Skill      XL: |  1  2  3  4  5  6  7  8  9 10 11 12 13 14 |
---------------+-------------------------------------------+-----
Dodging        | 3 4 5 6 7 9 11 12 14 16 18 | 18.7
Stealth        | 3 4 |  4.4
Spellcasting   | 3 4 5 6 8 9 10 | 10.5
Fighting       | 1 2 3 4 6 8 9 11 12 14 | 14.4
Hexes          | 1 3 4 5 9 10 | 10.0
Summonings     | 5 6 7 9 10 11 | 11.9
Ice Magic      | 1 2 3 5 |  5.1
Poison Magic   | 2 3 4 5 8 |  8.0
Transmutations | 3 |  3.4
Air Magic      | 2 |  2.7

Action                   |  1- 3 |  4- 6 |  7- 9 | 10-12 | 13-15 || total
-------------------------+-------+-------+-------+-------+-------++-------
Melee: Unarmed           |    14 |    36 |    88 |    40 |    55 ||   233
       Bite              |     2 |     5 |    12 |     9 |     5 ||    33
       Punch             |       |       |     1 |     1 |     2 ||     4
 Cast: Summon Small Mamm |    38 |    60 |    82 |    32 |    28 ||   240
       Call Imp          |     6 |    18 |    25 |    10 |     7 ||    66
       Call Canine Famil |     2 |    32 |    61 |    58 |    81 ||   234
       Summon Guardian G |       |     7 |    45 |    61 |    78 ||   191
       Poisonous Vapours |       |       |    14 |       |   253 ||   267
       Summon Lightning  |       |       |    14 |   102 |   170 ||   286
       Olgreb's Toxic Ra |       |       |       |       |    24 ||    24
       Dazzling Flash    |       |       |       |       |     3 ||     3
       Summon Cactus Gia |       |       |       |       |    45 ||    45
Invok: Potion Petition   |       |       |       |     1 |     3 ||     4
Evoke: Wand              |       |       |       |     4 |    20 ||    24
       Tin of tremorston |       |       |       |       |     3 ||     3
  Use: Scroll            |       |     6 |    11 |     7 |     9 ||    33
       Potion            |       |     1 |     2 |     1 |     8 ||    12
 Stab: Sleeping          |     1 |     6 |     1 |       |       ||     8
       Distracted        |       |     1 |       |     1 |       ||     2
Armor: Skin              |     3 |     4 |     9 |     8 |    20 ||    44
Dodge: Dodged            |    14 |    49 |   144 |   247 |   365 ||   819
Block: Other             |       |       |       |       |    42 ||    42
       Reflection        |       |       |       |       |     4 ||     4
